 Dungeon Crawl Stone Soup version 0.27.0-1-g7a089689b8 (webtiles) character file.

Game seed: 11150504717538796085

6311 HoaS the Cruncher (level 10, -1/59 HPs)
             Began as a Gargoyle Gladiator on July 31, 2021.
             Was an Elder of Okawaru.
             Slain by Erolcha (23 damage)
             ... on level 9 of the Dungeon.
             The game lasted 00:22:55 (7539 turns).

HoaS the Cruncher (Gargoyle Gladiator)              Turns: 7539, Time: 00:22:55

Health: -1/59      AC: 29    Str: 21    XL:     10   Next: 95%
Magic:  13/13      EV:  7    Int:  9    God:    Okawaru [****..]
Gold:   1872       SH:  0    Dex: 11    Spells: 9/9 levels left

rFire    . . .     SeeInvis .   w - +0 quarterstaff
rCold    . . .     Faith    .   (shield currently unavailable)
rNeg     + . .     Spirit   .   f - +0 plate armour
rPois    ∞         Reflect  .   c - +1 helmet
rElec    +         Harm     .   m - +1 cloak
rCorr    .         Rampage  .   l - +0 pair of gloves
Will     .....                  r - +0 pair of boots
Stlth    ..........             k - amulet of regeneration
HPRegen  1.19/turn              v - +4 ring of protection
MPRegen  0.13/turn              (no ring)

@: no status effects
A: sickness immunity, AC +7, negative energy resistance 1, electricity
resistance, torment resistance 1, petrification resistance
a: Renounce Religion, Heroism


You were on level 9 of the Dungeon.
You worshipped Okawaru.
Okawaru was greatly pleased with you.
You visited 2 branches of the dungeon, and saw 11 of its levels.

You collected 1872 gold pieces.

Inventory:

Hand Weapons
 q - a +1 longbow of venom
 w - a +0 quarterstaff (weapon)
Missiles
 p - 183 arrows
Armour
 c - a +1 helmet (worn)
 f - a +0 plate armour (worn)
 l - a +0 pair of gloves (worn)
 m - a +1 cloak (worn)
 r - a +0 pair of boots (worn)
Jewellery
 k - an amulet of regeneration (around neck)
 v - a +4 ring of protection (left hand)
Wands
 a - a wand of charming (5)
 j - a wand of iceblast (19) (quivered)
Scrolls
 s - a scroll of fear
 u - a scroll of immolation
 C - 2 scrolls of teleportation
 D - 2 scrolls of fog
Potions
 b - 2 potions of attraction
 e - a potion of lignification
 g - 4 potions of flight
 i - 4 potions of curing
 o - 7 potions of might
 y - a potion of ambrosia {unknown}
 z - a potion of resistance


   Skills:
 * Level 5.1 Fighting
 - Level 14.0 Staves
 - Level 2.0 Bows
 - Level 1.7 Throwing
 + Level 3.0 Armour
 + Level 3.4 Dodging
 + Level 4.4 Invocations


You had 9 spell levels left.
You didn't know any spells.
Your spell library contained the following spells:

 Spells                   Type           Power      Damage    Failure   Level
 Corpse Rot               Necr/Air       N/A        N/A       100%        2
 Passwall                 Tmut/Erth      0%         N/A       100%        2
 Inner Flame              Hex/Fire       0%         N/A       100%        3
 Swiftness                Air            0%         N/A       100%        3
 Cause Fear               Hex            0%         N/A       100%        4
 Dispel Undead            Necr           0%         3d6       100%        4
 Petrify                  Tmut/Erth      0%         N/A       100%        4
 Irradiate                Conj/Tmut      0%         3d14      100%        5
 Death Channel            Necr           0%         N/A       100%        6
 Invisibility             Hex            0%         N/A       100%        6
 Discord                  Hex            0%         N/A       100%        8
 Sublimation of Blood     Necr           Unusable   N/A       N/A         2

Dungeon Overview and Level Annotations

Branches:
Dungeon (10/15)            Temple (1/1) D:4            Lair (0/6) D:9
    Orc (0/2) D:9

Altars:
Ashenzari
Cheibriados
Dithmenos
Elyvilon
Hepliaklqana
Kikubaaqudgha
Makhleb
Nemelex Xobeh
Okawaru
Qazlal
Ru
Sif Muna
Uskayaw
Vehumet
Wu Jian
Xom
Yredelemnul
The Shining One

Shops:
D:7 ?

Annotations:
D:8 1 runed translucent door
D:9 Erolcha


Innate Abilities, Weirdness & Mutations

You are immune to sickness and miasma.
Your stone body is resilient. (AC +7)
You are immune to poison.
You resist negative energy. (rN+)
You are resistant to electric shocks. (rElec)
You are resistant to unholy torment.
You are immune to petrification.


Message History

You sock something! Something hits you!
You hit something. Something hits you but does no damage.
You hit something but do no damage. You completely miss something.
Something hits you but does no damage.
You hit something but do no damage. You sock something!
You hear some strange, mumbled words.
Something completely misses you.
You hear some strange, mumbled words.
Something tries to affect you, but you resist.
Something hits you!!
You hit something.
Erolcha appears from thin air!
Reactivating autopickup.
Erolcha hits you but does no damage.
You hit Erolcha.
Erolcha is heavily wounded.
Erolcha closely misses you.
You hit Erolcha but do no damage.
Erolcha is heavily wounded.
You hit Erolcha.
Erolcha is heavily wounded.
Erolcha barely misses you.
You hit Erolcha.
Erolcha is heavily wounded.
You barely miss Erolcha.
Erolcha is heavily wounded.
Erolcha gestures wildly while chanting.
Erolcha flickers and vanishes!
Deactivating autopickup; reactivate with Ctrl-A.
You hit something but do no damage. Something hits you!!
You sock something! You hit something but do no damage. Something hits you.
You sock something! You miss something. Something hits you but does no damage.
You closely miss something.
You hear some strange, mumbled words.
Something tries to affect you, but you resist.
You hit something. You hit something but do no damage. Something hits you!!
You die...

#........##
#.........# ...
##........# #...
#........# +...
#........######...
#.................
#.####............
#{# ######.......
#@# #....... #.#
##...... #.#
#...### #.# #...#
#.# #######...#
#.####....(....#
#..............#
#..............###
#.................


There were no monsters in sight!

Vanquished Creatures
  A two-headed ogre (D:8)
  Pikel (D:4)
  Joseph (D:9)
  2 trolls (D:9)
  A wraith (D:8)
  6 yaks
  A two-headed ogre zombie (D:9)
  An acid dragon (D:9)
  A water moccasin (D:8)
  4 orc warriors
  A black bear (D:9)
  3 ogres
  A sky beast (D:7)
  A wolf (D:9)
  2 lemures (D:4)
  2 kobold brigands (D:7)
  4 bullfrogs
  Blork the orc (D:4)
  A scorpion (D:6)
  2 wyvern skeletons (D:7)
  A troll zombie (D:9)
  4 electric eels (D:8)
  A bullfrog zombie (D:5)
  3 centaur zombies
  A hound (D:6)
  9 orc priests
  A jelly (D:8)
  Crazy Yiuf (D:5)
  2 centaur skeletons
  2 human zombies (D:8)
  A gnoll shaman (D:8)
  2 bullfrog skeletons
  An iguana (D:6)
  10 orc wizards
  A statue (D:5)
  5 ogre zombies (D:9)
  A hound zombie (D:5)
  2 howler monkey zombies (D:7)
  Robin (D:4)
  3 gnolls
  5 adders
  A white imp (D:5)
  2 worms (D:3)
  5 dart slugs
  51 orcs
  6 bats
  18 endoplasms
  3 giant cockroaches
  13 goblins
  10 hobgoblins
  18 jackals
  17 kobolds
  3 quokkas
  7 ball pythons
  A frilled lizard (D:1)
  3 goblin skeletons
  3 goblin zombies (D:9)
  A hobgoblin skeleton (D:9)
  4 hobgoblin zombies (D:9)
  4 orc skeletons (D:9)
  10 orc zombies (D:9)
  4 rats
278 creatures vanquished.

Vanquished Creatures (others)
  12 fungi (D:9)
  14 plants
26 creatures vanquished.

Grand Total: 304 creatures vanquished

Notes
Turn   | Place    | Note
-------+----------+-------------------------------------------
     0 | D:1      | HoaS the Gargoyle Gladiator began the quest for the Orb.
     0 | D:1      | Reached XP level 1. HP: 12/12 MP: 1/1
   115 | D:1      | Reached XP level 2. HP: 16/17 MP: 2/2
   467 | D:1      | Reached skill level 4 in Staves
   640 | D:1      | Reached XP level 3. HP: 18/21 MP: 3/3
  1261 | D:2      | Reached XP level 4. HP: 26/26 MP: 4/4
  1364 | D:2      | Found a faded altar of an unknown god.
  1575 | D:2      | Reached skill level 5 in Staves
  1612 | D:2      | Noticed an ogre
  1624 | D:2      | Killed an ogre
  1625 | D:2      | Reached XP level 5. HP: 30/30 MP: 5/5
  1732 | D:2      | Reached skill level 6 in Staves
  2526 | D:3      | Reached XP level 6. HP: 27/35 MP: 6/6
  2837 | D:4      | Identified a scroll of acquirement
  2837 | D:4      | Acquired 1276 gold pieces
  2875 | D:4      | Found a staircase to the Ecumenical Temple.
  2895 | D:4      | Noticed Pikel
  2941 | D:4      | Killed Pikel
  2942 | D:4      | Reached skill level 8 in Staves
  2942 | D:4      | Reached XP level 7. HP: 21/40 MP: 7/7
  2955 | Temple   | Entered the Ecumenical Temple
  3019 | Temple   | Became a worshipper of Warmaster Okawaru
  3069 | D:4      | Reached skill level 9 in Staves
  3425 | D:4      | Noticed Blork the orc
  3434 | D:4      | Reached skill level 1 in Invocations
  3440 | D:4      | Killed Blork the orc
  3441 | D:4      | Reached skill level 1 in Bows
  3441 | D:4      | Reached XP level 8. HP: 42/44 MP: 8/8
  3601 | D:4      | Noticed Robin
  3608 | D:4      | Killed Robin
  3703 | D:5      | Entered Level 5 of the Dungeon
  3711 | D:5      | Found a sparkling altar of Nemelex Xobeh.
  3831 | D:5      | Found a hide-covered altar of Uskayaw.
  3831 | D:5      | Noticed a +0 dagger
  3832 | D:5      | Noticed a +0 hand axe
  3946 | D:5      | Reached * piety under Okawaru
  4191 | D:5      | Found a radiant altar of Vehumet.
  4346 | D:5      | Found a runed translucent door.
  4347 | D:5      | Noticed Crazy Yiuf
  4443 | D:5      | Killed Crazy Yiuf
  4520 | D:6      | Found a shimmering blue altar of Sif Muna.
  4576 | D:6      | Reached skill level 10 in Staves
  4841 | D:6      | Reached ** piety under Okawaru
  5029 | D:6      | Reached XP level 9. HP: 48/48 MP: 11/11
  5189 | D:7      | Reached skill level 11 in Staves
  5651 | D:7      | Found Paub's Magic Scroll Emporium.
  5783 | D:8      | Found a broken altar of Ashenzari.
  5816 | D:8      | Reached skill level 12 in Staves
  5849 | D:8      | Found a runed translucent door.
  5863 | D:8      | Noticed a two-headed ogre
  5882 | D:8      | Killed a two-headed ogre
  5924 | D:8      | Reached skill level 13 in Staves
  6089 | D:8      | Found a burning altar of Makhleb.
  6141 | D:8      | Found a basalt altar of Yredelemnul.
  6200 | D:8      | Reached XP level 10. HP: 46/53 MP: 12/12
  6288 | D:8      | Reached *** piety under Okawaru
  6613 | D:8      | Reached skill level 14 in Staves
  6751 | D:9      | Reached skill level 1 in Armour
  6755 | D:9      | Reached **** piety under Okawaru
  7055 | D:9      | Found a staircase to the Lair.
  7143 | D:9      | Noticed Joseph
  7164 | D:9      | Killed Joseph
  7164 | D:9      | Received a gift from Okawaru
  7165 | D:9      | Reached skill level 5 in Fighting
  7247 | D:9      | Found a sacrificial altar of Ru.
  7296 | D:9      | Found a staircase to the Orcish Mines.
  7377 | D:9      | You fall into a shaft and drop 1 floor!
  7377 | D:10     | Entered Level 10 of the Dungeon
  7486 | D:9      | Noticed Erolcha
  7539 | D:9      | Slain by Erolcha

Illustrated notes

Levels and vault maps discovered:
D:1:      minmay_arrival_doors, layout_basic
D:2:      layout_basic, shapermc_ecumenical_altar_mp_ritualfount,
          minmay_heptomino_h4
D:3:      layout_rooms, minmay_fountain_box
D:4:      layout_basic, minmay_temple_entry_overgrown,
          ebering_dispersal_statue_hall, uniq_pikel, uniq_blork_the_orc,
          uniq_robin
D:5:      layout_basic, nemelex_xobeh_ov_fountains_minmay,
          dancing_weapons_uskayaw, vehumet_statue, uniq_crazy_yiuf_cottage
D:6:      layout_rooms, nicolae_sif_muna_condensation
D:7:      layout_basic, serial_shops,
          nicolae_shop_temple_entry_statues_fountains
D:8:      layout_rooms, lightli_temple_of_fire, cheibrodos_ashenzari_chains,
          dk_yredelemnul_ordeal, serial_bayou_lagoon_b
D:9:      layout_irregular_city, marbit_many_paths,
          grunt_lair_entry_orc_guard_hut, zombieorc2_lemuel, uniq_grum,
          uniq_erolcha, uniq_joseph
D:10:     layout_stronghold, grunt_temple_overflow_cloverleaf,
          serial_bayou_pond_c, st_stairs_2
Temple:   cyrus_temple_forest

Skill      XL: |  1  2  3  4  5  6  7  8  9 10 |
---------------+-------------------------------+-----
Staves         | 4 5 6 8 9 10 13 14 | 14.0
Invocations    | 1 3 4 |  4.4
Bows           | 1 2 |  2.0
Armour         | 3 |  3.0
Fighting       | 5 |  5.1
Dodging        | 3 |  3.4
Throwing       | |  1.7

Action                   |  1- 3 |  4- 6 |  7- 9 | 10-12 || total
-------------------------+-------+-------+-------+-------++-------
Melee: Quarterstaff      |   106 |   219 |   575 |   366 ||  1266
Throw: Throwing net      |       |     3 |     1 |       ||     4
       Javelin           |       |       |     2 |       ||     2
Invok: Heroism           |       |       |       |     4 ||     4
Evoke: Wand              |       |     2 |     1 |       ||     3
  Use: Scroll            |     3 |     4 |    10 |     1 ||    18
Armor: Leather armour    |    21 |       |       |       ||    21
       Chain mail        |    24 |   136 |   275 |   194 ||   629
       Plate armour      |       |       |       |    17 ||    17
Dodge: Dodged            |    55 |    60 |   152 |   114 ||   381
